 Dungeon Crawl Stone Soup version 0.24-a0-537-g2d01d4ab0a (webtiles) character file.

Game seed: 346753600625099587

978 Mithandil the Poker (level 7, -13/60 HPs)
             Began as a Minotaur Gladiator on Aug 15, 2019.
             Mangled by an orc warrior
             ... wielding a +0 short sword
              (14 damage)
             ... on level 6 of the Dungeon.
             The game lasted 00:33:01 (4983 turns).

Mithandil the Poker (Minotaur Gladiator)            Turns: 4983, Time: 00:33:02

Health: -13/60     AC: 13    Str: 21    XL:     7   Next: 95%
Magic:  6/6        EV: 12    Int:  5    God:
Gold:   296        SH:  0    Dex: 11    Spells: 6/6 levels left

rFire    . . .     SeeInvis .   a - +0 trident
rCold    + . .     Gourm    +   (no shield)
rNeg     . . .     Faith    .   p - +0 plate armour
rPois    .         Spirit   .   c - +1 hat
rElec    .         Reflect  .   (no cloak)
rCorr    .         Harm     .   m - +0 pair of gloves
MR       .....                  (no boots)
Stlth    ..........             z - amulet of the gourmand
HPRegen  0.20/turn              y - ring of protection from cold
MPRegen  0.10/turn              g - +4 ring of evasion

@: lethally poisoned (-13 -> -17), slowed, very slow
A: retaliatory headbutt, horns 2
a: no special abilities


You were on level 6 of the Dungeon.
You were very full.

You visited 1 branch of the dungeon, and saw 6 of its levels.
You also visited: Ossuary.

You collected 296 gold pieces.

Inventory:

Hand Weapons
 a - a +0 trident (weapon)
 b - a +0 hunting sling
 h - a +2 short sword of venom
 r - a +2 hand axe of chopping
 t - a +2 dagger of venom
 H - a +0 long sword
Missiles
 d - 5 throwing nets (quivered)
 e - 150 arrows
 j - 125 stones
 v - 32 bolts
 w - 9 boomerangs
 B - 51 poisoned darts
Armour
 c - a +1 hat (worn)
 m - a +0 pair of gloves (worn)
 p - a +0 plate armour (worn)
Jewellery
 g - a +4 ring of evasion (right hand)
 u - an uncursed ring of protection from fire
 y - a ring of protection from cold (left hand)
 z - an amulet of the gourmand (around neck)
 D - an uncursed ring of stealth
Wands
 E - a wand of enslavement (2)
Scrolls
 k - 3 scrolls of magic mapping
 o - 3 scrolls of remove curse
 s - 4 scrolls of teleportation
 x - a scroll of fog
 F - a scroll of enchant weapon
Potions
 i - 4 potions of flight
 n - 2 potions of agility
 q - a potion of resistance
 C - a potion of might
Comestibles
 f - 3 rations


   Skills:
 + Level 4.7 Fighting
 * Level 7.0 Polearms
 + Level 2.7(3.1) Slings
 - Level 2.0(2.6) Throwing
 + Level 3.5 Armour
 + Level 5.0 Dodging
 - Level 1.0 Stealth
 + Level 3.6 Unarmed Combat


You had 6 spell levels left.
You didn't know any spells.
Your spell library was empty.

Dungeon Overview and Level Annotations

Branches:
Dungeon (6/15)
 Temple: D:4-7

Altars:
Ru

Annotations:
D:6 Prince Ribbit


Innate Abilities, Weirdness & Mutations

You reflexively headbutt those who attack you in melee.
You have a pair of horns on your head.


Message History

The orc hits you but does no damage.
The orc priest looks encouraged for a moment.
You hit the orc warrior but do no damage.
The orc warrior is moderately wounded.
You feel sick. The orc warrior closely misses you.
The orc hits you but does no damage.
The orc priest invokes the aid of Beogh against you.
Beogh smites you!
* * * LOW HITPOINT WARNING * * *
The orc warrior hits you with a +0 short sword.
* * * LOW HITPOINT WARNING * * *
Your plate armour prevents you from hitting the orc warrior.
You headbutt the orc warrior.
The orc warrior is heavily wounded.
* * * LOW HITPOINT WARNING * * *
You feel sick. The orc barely misses you.
The orc wizard mumbles some strange words.
The orc wizard blinks!
The orc warrior hits you with a +0 short sword!
You die...

.. #.# ####.## #.# .......##
#.# #....... #.# #...§..# #.#
#....oo# #.# #o...oo#
#'##############@#######
........................
.........>..####.#######
........)......#.#
#'###.....#.##.#.### # #.#
#.....#.#......# ##.#######.
..#
#####.#.#..#.#.####.#..≈≈≈..#
### #.#.#..#.#.##..#..≈...≈..
#.#)####.#.##.#...≈._.≈..


You could see an orc warrior, an orc priest, an orc wizard and 2 orcs.

Vanquished Creatures
  A water moccasin (D:6)
  2 ogres (D:6)
  A scorpion (D:6)
  A crimson imp (D:2)
  2 centaur zombies (Ossuary)
  A hound (D:5)
  A jelly (D:5)
  2 human zombies (Ossuary)
  An orc priest (D:6)
  An orc wizard (D:4)
  Ijyb (D:5)
  2 worker ants
  A big kobold zombie (Ossuary)
  2 mummies (Ossuary)
  2 worker ant zombies
  6 gnolls
  4 adders
  An ooze (D:2)
  2 adder zombies (Ossuary)
  6 worms
  A dart slug (D:2)
  5 leopard geckos
  16 orcs
  9 bats
  5 giant cockroaches
  8 goblins
  8 hobgoblins
  2 jackals (D:5)
  4 kobolds
  3 quokkas
  3 ball pythons
  8 frilled lizards
  3 goblin zombies (Ossuary)
  9 hobgoblin zombies (Ossuary)
  6 kobold zombies (Ossuary)
  A leopard gecko skeleton (D:4)
  10 orc zombies (Ossuary)
  9 rats
  2 rat zombies (Ossuary)
152 creatures vanquished.

Notes
Turn   | Place    | Note
-------+----------+-------------------------------------------
     0 | D:1      | Mithandil the Minotaur Gladiator began the quest for the
                  | Orb.
     0 | D:1      | Reached XP level 1. HP: 18/18 MP: 0/0
   235 | D:1      | Reached XP level 2. HP: 25/25 MP: 1/1
   252 | D:1      | Reached skill level 4 in Polearms
   469 | D:1      | Reached skill level 1 in Unarmed Combat
   471 | D:1      | Reached XP level 3. HP: 26/30 MP: 2/2
  1104 | D:2      | Reached skill level 1 in Stealth
  1176 | D:2      | Reached XP level 4. HP: 38/38 MP: 3/3
  1280 | D:2      | You fall into a shaft and drop 1 floor!
  1305 | D:3      | Reached skill level 1 in Armour
  1475 | D:2      | Reached skill level 5 in Polearms
  1475 | D:2      | Reached XP level 5. HP: 45/45 MP: 4/4
  2658 | D:5      | Entered Level 5 of the Dungeon
  2698 | D:5      | Reached skill level 1 in Slings
  2737 | D:5      | Found a sand-covered staircase.
  2752 | Ossuary  | Entered an ossuary
  2765 | Ossuary  | Reached XP level 6. HP: 52/52 MP: 5/5
  2922 | Ossuary  | Reached skill level 6 in Polearms
  3428 | D:6      | Noticed Prince Ribbit
  3735 | D:5      | Reached XP level 7. HP: 57/59 MP: 6/6
  3807 | D:6      | Found a sacrificial altar of Ru.
  3871 | D:5      | Noticed Ijyb
  3895 | D:5      | Killed Ijyb
  4978 | D:6      | Reached skill level 7 in Polearms
  4978 | D:6      | Reached skill level 5 in Dodging
  4982 | D:6      | HP: 2/60 [orc priest/divine providence (13)]
  4983 | D:6      | Mangled by an orc warrior

Levels and vault maps discovered:
D:1:      sevenhm_arrival_forest_fort_large_2, layout_basic, kennysheep_doodads
D:2:      layout_basic, first_ration, minmay_circle_x
D:3:      layout_loops_ring, glass_columns_a, hangedman_feature_mirror
D:4:      layout_rooms
D:5:      layout_cave_pods, nicolae_ossuary_entry_false_entrances, uniq_ijyb
D:6:      layout_basic, nicolae_ru_awakened_eye, uniq_prince_ribbit1,
          uniq_blork_the_orc

Skill      XL: |  1  2  3  4  5  6  7 |
---------------+----------------------+-----
Polearms       | 4 5 6 7 |  7.0
Unarmed Combat | 1 2 3 |  3.6
Stealth        | 1 |  1.0
Fighting       | 3 4 |  4.7
Armour         | 1 2 3 |  3.5
Dodging        | 4 5 |  5.0
Slings         | 1 2 |  2.7
Throwing       | |  2.0

Action                   |  1- 3 |  4- 6 |  7- 9 || total
-------------------------+-------+-------+-------++-------
Melee: Trident           |   102 |   267 |    77 ||   446
       Headbutt          |    10 |    45 |    21 ||    76
       Unarmed           |       |     4 |       ||     4
       Punch             |       |     4 |       ||     4
  Use: Scroll            |     8 |     6 |     1 ||    15
       Potion            |     4 |     4 |     2 ||    10
  Eat: Chunk             |     1 |    14 |     2 ||    17
       Ration            |       |     1 |       ||     1
Armor: Ring mail         |    17 |       |       ||    17
       Leather armour    |     2 |       |       ||     2
       Plate armour      |    14 |   174 |    32 ||   220
       Scale mail        |     3 |       |       ||     3
Dodge: Dodged            |    45 |   144 |    44 ||   233

Table legend:
 A = Non-vault XP
 B = Vault XP
 C = Vault XP percentage of total XP
 D = Non-vault monster count
 E = Vault monster count
 F = Vault count percentage of total count
                 A         B        C        D         E       F
            +---------+---------+-------+---------+---------+-------
      Total |    1056 |     342 |  24.5 |     103 |      49 |  32.2
            +---------+---------+-------+---------+---------+-------
        D:1 |      47 |       0 |   0.0 |      29 |       0 |   0.0
        D:2 |     162 |      31 |  16.1 |      26 |       8 |  23.5
        D:3 |      59 |       3 |   4.8 |      12 |       1 |   7.7
        D:4 |      90 |       0 |   0.0 |      15 |       0 |   0.0
        D:5 |     198 |      36 |  15.4 |      15 |       1 |   6.2
        D:6 |     500 |       0 |   0.0 |       6 |       0 |   0.0
    Ossuary |       0 |     272 | 100.0 |       0 |      39 | 100.0
            +---------+---------+-------+---------+---------+-------
